 Dungeon Crawl Stone Soup version 0.29-a0-251-g80730f7218 (webtiles) character file.

Game seed: 17659831490973628187

3 anonymouscript the Magician (level 1, -1/13 HPs)
             Began as a Demonspawn Hedge Wizard on Mar 5, 2022.
             Slain by a frilled lizard (2 damage)
             ... on level 1 of the Dungeon.
             The game lasted 00:00:52 (218 turns).

anonymouscript the Magician (DsWz)                   Turns: 218, Time: 00:00:52

Health: -1/13      AC:  2    Str: 10    XL:     1   Next: 41%
Magic:  3/4        EV: 12    Int: 15    God:
Gold:   20         SH:  0    Dex: 12    Spells: 5/6 levels left

rFire   . . .      SeeInvis .   a - +0 dagger
rCold   . . .      Faith    .   (no shield)
rNeg    . . .      Spirit   .   b - +0 robe
rPois   .          Reflect  .   c - +0 hat
rElec   .          Harm     .   (no cloak)
rCorr   .          Rampage  .   (no gloves)
Will    .....                   (no boots)
Stlth   ++........              (no amulet)
HPRegen 0.04/turn               (no ring)
MPRegen 0.09/turn               (no ring)

@: no status effects
A: no striking features
a: no special abilities


You were on level 1 of the Dungeon.
You visited 1 branch of the dungeon, and saw 1 of its levels.

You collected 20 gold pieces.

Inventory:

Hand Weapons
 a - a +0 dagger (weapon)
Armour
 b - a +0 robe (worn)
 c - a +0 hat (worn)
Scrolls
 d - a scroll of fog {unknown}


   Skills:
 + Level 2.0 Dodging
 + Level 1.7 Stealth
 + Level 3.0 Spellcasting
 + Level 1.0 Conjurations
 + Level 1.0 Summonings
 + Level 0.8 Translocations


You had 5 spell levels left.
You knew the following spells:

 Your Spells              Type           Power      Damage    Failure   Level
a - Magic Dart            Conj           20%        1d4       13%         1

Your spell library contained the following spells:

 Spells                   Type           Power      Damage    Failure   Level
 Slow                     Hex            8%         N/A       21%         1
 Call Imp                 Summ           5%         N/A       21%         2
 Blink                    Tloc           8%         N/A       22%         2
 Conjure Flame            Conj/Fire      3%         6-21      43%         3
 Mephitic Cloud           Conj/Pois/Air  3%         N/A       45%         3


Dungeon Overview and Level Annotations

Branches:
Dungeon (1/15)

Altars:


Message History

The jackal misses you.
You closely miss the jackal.
The jackal is severely wounded.
The jackal barely misses you.
The jackal bites you but does no damage.
You hit the jackal.
The jackal is almost dead.
The jackal misses you. The jackal barely misses you.
The jackal bites you but does no damage.
The jackal bites you but does no damage.
A kobold comes into view. It is wielding a +0 dagger.
The jackal bites you.
The kobold shouts!
You hear a shout!
The kobold throws a stone.
The stone misses you.
A dart slug and a kobold come into view.
A rat comes into view.
The jackal completely misses you.
A hobgoblin comes into view.
A frilled lizard comes into view.
The jackal bites you but does no damage.
The dart slug launches a dart at you. The slug dart misses you.
The hobgoblin shouts!
The jackal barely misses you.
You hit the hobgoblin.
The hobgoblin is heavily wounded.
The jackal bites you. The jackal barely misses you.
The hobgoblin barely misses you. The jackal misses you.
You hit the hobgoblin.
You kill the hobgoblin!
The jackal bites you.
The jackal pauses to sniff the ground.
The jackal closely misses you. The jackal barely misses you.
Your Dodging skill increases to level 2!
The frilled lizard bites you.
* * * LOW HITPOINT WARNING * * *
The jackal barely misses you. The frilled lizard bites you.
You die...

####.#.##
#.#
##.#.#
.##+###.#
##.#.##
........#
####.####
........#
#.#.##
........#
#.##
........#
#.#.##
........#
####.##
#.#..@#
##.####
#..hlh#
##.#.##
#...rh#
##.#.#
###w.K#
##.#.##
###.K.#
##.####
#.....#
##.##
.##...#.#
####.##
........#
#.#.##
........#
#.##


You could see a dart slug, 3 jackals, 2 kobolds, a frilled lizard and a rat.

Vanquished Creatures
  A giant cockroach (D:1)
  A hobgoblin (D:1)
  A ball python (D:1)
3 creatures vanquished.

Notes
Turn   | Place    | Note
-------+----------+-------------------------------------------
     0 | D:1      | anonymouscript the Demonspawn Hedge Wizard began the quest
                  | for the Orb.
     0 | D:1      | Reached XP level 1. HP: 13/13 MP: 4/4
   218 | D:1      | Slain by a frilled lizard

Illustrated notes

Levels and vault maps discovered:
D:1:      nagdon_arrival_zigzag_paths, layout_basic,
          hellmonk_ecumenical_altar_run_dry, hangedman_abyss_or_decor_stabs,
          lexackson_kobold_supper

Skill      XL: |  1 |
---------------+----+-----
Dodging        | 2 |  2.0
Stealth        | |  1.7
Spellcasting   | |  3.0
Conjurations   | |  1.0
Summonings     | |  1.0
Translocations | |  0.8

Action                   || total
-------------------------++-------
Melee: Dagger            ||    23
 Cast: Magic Dart        ||     6
Armor: Robe              ||     9
Dodge: Dodged            ||    28

Table legend: (Time is in decaauts)
 A = Elapsed time spent in this place.
 B = Non-inter-level travel time spent in this place.
 C = Inter-level travel time spent in this place.
 D = Time resting spent in this place.
 E = Time spent auto-exploring this place.
 F = Levels seen in this place.
 G = Mean time per level.
                   A        B        C        D        E       F      G
               +--------+--------+--------+--------+--------+-----+--------+
         Total |    218 |    218 |      0 |      0 |    146 |   1 |  218.0 |
       Dungeon |    218 |    218 |      0 |      0 |    146 |   1 |  218.0 |
               +--------+--------+--------+--------+--------+-----+--------+

Top non-repeatable levels by time:
     D:1: 218 daAuts
